 Dungeon Crawl Stone Soup version 0.24-a0-5-g797c3c0 (webtiles) character file.

Game seed: 349281509775277089

6937 Fuzzwah the Cleaver (level 10, 0/91 HPs)
             Began as a Minotaur Berserker on Jan 29, 2019.
             Was a High Priest of Trog.
             Succumbed to a killer bee's poison
             ... on level 10 of the Dungeon on Jan 30, 2019.
             The game lasted 00:37:57 (10702 turns).

Fuzzwah the Cleaver (Minotaur Berserker)           Turns: 10702, Time: 00:37:58

Health: 0/91       AC: 26    Str: 23    XL:     10   Next: 80%
Magic:  9/9        EV: 10    Int:  4    God:    Trog [*****.]
Gold:   140        SH:  0    Dex: 12    Spells: 9/9 levels left

rFire    + . .     SeeInvis +   C - +2 great mace (holy)
rCold    . . .     Gourm    .   (shield currently unavailable)
rNeg     . . .     Faith    .   N - +1 plate armour {rF+}
rPois    .         Spirit   .   (helmet restricted)
rElec    .         Reflect  .   I - +2 cloak
rCorr    .         Harm     +   n - +2 pair of gloves
MR       ++...                  B - +2 pair of boots
Stlth    ..........             K - amulet of harm
HPRegen  1.25/turn              k - ring of see invisible {sInv, !d}
MPRegen  0.11/turn              e - ring of flight {+Fly, !d}

@: lethally poisoned (0 -> -12), berserk cooldown, very slightly contaminated,
regenerating, slowed, very slow
A: retaliatory headbutt, horns 2
a: Berserk, Trog's Hand, Brothers in Arms, Renounce Religion, Evoke Flight


You were on level 10 of the Dungeon.
You worshipped Trog.
Trog was extremely pleased with you.
You were not hungry.

You visited 2 branches of the dungeon, and saw 11 of its levels.
You also visited: Sewer.

You collected 665 gold pieces.
You spent 525 gold pieces at shops.

Inventory:

Hand Weapons
 a - a +0 hand axe
 o - a +0 mace of protection
   (You took it off an orc on level 3 of the Dungeon)
 C - a +2 great mace of holy wrath (weapon)
   (Trog gifted it to you on level 9 of the Dungeon)
Missiles
 J - a throwing net {=f, !d}
Armour
 n - a +2 pair of gloves (worn)
   (You found it on level 2 of the Dungeon)
 u - a scarf of cloud immunity
   (You found it on level 5 of the Dungeon)
 x - a +2 ring mail of fire resistance
   (You found it on level 7 of the Dungeon)
 B - a +2 pair of boots (worn)
   (You found it on level 8 of the Dungeon)
 I - a +2 cloak (worn)
   (You found it on level 9 of the Dungeon)
 N - a +1 plate armour of fire resistance (worn)
   (You took it off an orc warrior on level 10 of the Dungeon)
Jewellery
 e - a ring of flight (right hand) {+Fly, !d}
   (You found it on level 5 of the Dungeon)
 g - a +3 amulet of reflection
   (You found it on level 1 of the Dungeon)
 k - a ring of see invisible (left hand) {sInv, !d}
   (You found it on level 7 of the Dungeon)
 y - an uncursed ring of teleportation {+/*tele, !d}
   (You found it on level 5 of the Dungeon)
 E - an uncursed ring of fire {rF+, rC-}
   (You found it on level 8 of the Dungeon)
 K - an amulet of harm (around neck)
   (You found it on level 10 of the Dungeon)
Wands
 p - a wand of polymorph (10)
   (You took it off Ijyb on level 4 of the Dungeon)
 q - a wand of enslavement (5)
   (You found it on level 4 of the Dungeon)
 D - a wand of disintegration (23)
   (You found it on level 8 of the Dungeon)
 G - a wand of paralysis (7)
   (You found it on level 9 of the Dungeon)
 L - a wand of digging (4)
   (You found it on level 10 of the Dungeon)
Scrolls
 d - 11 scrolls of teleportation
 j - 8 scrolls of remove curse
 l - a scroll of fog
 r - 3 scrolls of enchant weapon
 s - 3 scrolls of identify {@r1}
 t - 2 scrolls of magic mapping {!r}
 v - 2 scrolls of immolation {!r}
 O - a scroll of enchant armour
Potions
 b - 3 potions of haste
 f - 5 potions of flight
 i - 3 potions of invisibility
 w - a potion of might
 z - 2 potions of mutation {!q}
 A - 2 potions of agility
 F - a potion of curing
 H - a potion of brilliance
 M - a potion of resistance
Miscellaneous
 P - a phial of floods
   (You found it on level 10 of the Dungeon)
Comestibles
 c - 24 rations


   Skills:
 + Level 9.1 Fighting
 * Level 12.1 Axes
 * Level 10.9 Armour
 + Level 8.0 Dodging


You had 9 spell levels left.
You didn't know any spells.
Your spell library was empty.

Dungeon Overview and Level Annotations

Branches:
Dungeon (10/15)            Temple (0/1) D:4            Lair (1/6) D:10
    Orc: D:9-12

Altars:
Fedhas
Makhleb
Qazlal
Trog
Wu Jian
Yredelemnul

Shops:
D:4 ?   D:10 !

Portals:
Trove: D:10 (give 15 scrolls of teleportation)


Innate Abilities, Weirdness & Mutations

You reflexively headbutt those who attack you in melee.
You have a pair of horns on your head.


Message History

* * * LOW HITPOINT WARNING * * *
You feel very sick.
The killer bee completely misses something.
You take 3 damage, and have 16/91 hp.
* * * LOW HITPOINT WARNING * * *
You feel very sick.
You take 2 damage, and have 14/91 hp.
* * * LOW HITPOINT WARNING * * *
You feel very sick.
The killer bee stings you but does no damage. x3
There is a staircase back to the Dungeon here.
You take 3 damage, and have 11/91 hp.
* * * LOW HITPOINT WARNING * * *
You feel sick. The killer bee barely misses you.
The killer bee stings you but does no damage. x2
The killer bee closely misses you.
The killer bee stings you but does no damage.
You climb upwards.
Welcome back to the Dungeon!
* * * LOW HITPOINT WARNING * * *
You feel very sick.
There is a staircase to the Lair here.
You take 5 damage, and have 6/91 hp.
You feel much better.
You feel sick. The killer bee barely misses you.
The killer bee stings you but does no damage.
The killer bee closely misses you.
The killer bee stings you but does no damage.
The killer bee barely misses you. The killer bee stings you!
* * * LOW HITPOINT WARNING * * *
You regained 16 hp, and now have 22/91 hp.
You closely miss the killer bee. Your headbutt misses the killer bee.
You feel sick. The killer bee barely misses you.
The killer bee stings you but does no damage.
The killer bee closely misses you. You furiously retaliate!
You headbutt the killer bee.
The killer bee stings you but does no damage.
The killer bee stings you.
* * * LOW HITPOINT WARNING * * *
You are more poisoned.
The killer bee poisons you! The killer bee stings you.
* * * LOW HITPOINT WARNING * * *
You are lethally poisoned!
The killer bee poisons you!
The killer bee stings you but does no damage.
The killer bee stings you.
* * * LOW HITPOINT WARNING * * *
You are more poisoned.
The killer bee poisons you!
You take 9 damage, and have 13/91 hp.
Your skin crawls.
You feel resistant to hostile enchantments.
You feel somewhat more hungry.
You feel very sick.
The killer bee stings you but does no damage.
The killer bee barely misses you. The killer bee stings you.
* * * LOW HITPOINT WARNING * * *
You are lethally poisoned!
The killer bee poisons you! The killer bee completely misses you.
You furiously retaliate!
You headbutt the killer bee! The killer bee completely misses you.
You furiously retaliate!
You headbutt the killer bee. The killer bee stings you.
* * * LOW HITPOINT WARNING * * *
You take 8 damage, and have 5/91 hp.
You feel much better.
You feel very sick. The killer bee barely misses you.
The killer bee stings you but does no damage.
The killer bee barely misses you. The killer bee closely misses you.
The killer bee misses you. You furiously retaliate!
You headbutt the killer bee. The killer bee barely misses you.
You regained 23 hp, and now have 28/91 hp.
You closely miss the killer bee.
You feel very sick. The killer bee stings you.
* * * LOW HITPOINT WARNING * * *
You are more poisoned.
The killer bee poisons you! The killer bee barely misses you.
The killer bee closely misses you. The killer bee stings you.
* * * LOW HITPOINT WARNING * * *
The killer bee stings you but does no damage. x3
The killer bee stings you.
* * * LOW HITPOINT WARNING * * *
You are more poisoned.
The killer bee poisons you!
You take 11 damage, and have 17/91 hp.
You closely miss the killer bee.
* * * LOW HITPOINT WARNING * * *
You feel extremely sick.
The killer bee stings you but does no damage. x2
The killer bee barely misses you. The killer bee closely misses you.
The killer bee stings you.
* * * LOW HITPOINT WARNING * * *
The killer bee barely misses you.
The killer bee stings you but does no damage.
The killer bee stings you!
* * * LOW HITPOINT WARNING * * *
You take 15 damage, and have 2/91 hp.
Really read
m - a scroll of blinking {!r}?
Blink to where?
As you read the scroll of blinking {!r}, it crumbles to dust.
You die...

#.......#####...........###
#...#...#..##....#......##.
#...#...#..##.[..#.........
#.......#..##.)[)'.........
#.......#..####.)...####...
#.......#..##.........##...
#.......#..#...........####
#).(....#......(....P.....#
#.......#.@.....y§........#
#.......#.........y.......#
#.......#..#...........#..#
#.......#..##.........#####
#...###.+..####.....####...
#...###.#####..........#...
#...........######'########
#...........####.......#
#...........'..#...###.#


You could see a killer bee.

Vanquished Creatures
  An unseen horror (D:10)
  Pikel (D:7)
  A queen bee (Lair:1)
  A tengu conjurer (D:10)
  A wyvern (D:10)
  A steam dragon (D:8)
  2 wargs (D:10)
  A hornet zombie (D:8)
  6 orc warriors
  2 sky beasts
  2 ice beasts
  3 phantoms (D:8)
  An eye of draining (D:9)
  2 ogres (D:8)
  3 centaurs
  The ghost of yaymichael the Magician, an amateur DEWz (D:3)
  Blork the orc (D:4)
  A wyvern zombie (D:10)
  A wyvern skeleton (D:7)
  2 scorpions
  6 wights
  16 killer bees
  4 howler monkeys
  2 crimson imps
  4 hounds
  2 bullfrog zombies
  2 jellies
  A quasit (D:8)
  A centaur zombie (D:8)
  9 orc priests
  A centaur skeleton (D:4)
  Ijyb (D:4)
  2 iguanas
  14 orc wizards
  A killer bee zombie (D:7)
  8 worker ants
  A howler monkey zombie (D:8)
  A worker ant zombie (D:5)
  8 gnolls
  10 adders
  A howler monkey skeleton (D:6)
  2 shadow imps
  An adder skeleton (D:7)
  2 worms
  4 dart slugs
  2 leopard geckos
  45 orcs
  6 ball pythons
  11 bats
  3 giant cockroaches
  5 goblins
  6 hobgoblins
  17 jackals
  4 quokkas
  11 frilled lizards
  A giant cockroach zombie (D:5)
  6 kobolds
  A quokka skeleton (D:5)
  9 rats
265 creatures vanquished.

Vanquished Creatures (others)
  A jackal (D:7)
1 creature vanquished.

Grand Total: 266 creatures vanquished

Notes
Turn   | Place    | Note
-------+----------+-------------------------------------------
     0 | D:1      | Fuzzwah the Minotaur Berserker began the quest for the Orb.
     0 | D:1      | Reached XP level 1. HP: 19/19 MP: 0/0
    41 | D:1      | Reached XP level 2. HP: 15/27 MP: 1/1
   251 | D:1      | Reached skill level 4 in Axes
   828 | D:1      | Reached ** piety under Trog
   979 | D:2      | Reached skill level 4 in Fighting
   979 | D:2      | Reached XP level 3. HP: 33/33 MP: 2/2
  1076 | D:2      | Reached skill level 3 in Armour
  1084 | D:2      | Found a bloodstained altar of Trog.
  1085 | D:2      | Found a blossoming altar of Fedhas.
  1086 | D:2      | Found a basalt altar of Yredelemnul.
  1089 | D:2      | Found a burning altar of Makhleb.
  1617 | D:2      | Reached XP level 4. HP: 36/40 MP: 3/3
  1626 | D:2      | Upgraded the game from 0.24-a0 to 0.24-a0-5-g797c3c0
  1796 | D:3      | Found a glowing drain.
  1838 | Sewer    | Entered a sewer
  2024 | Sewer    | Reached skill level 3 in Dodging
  2288 | D:3      | Noticed yaymichael's ghost (amateur DEWz)
  2293 | D:3      | Found a transporter.
  2306 | D:3      | Found a transporter.
  2311 | D:3      | Reached skill level 5 in Axes
  2315 | D:3      | Killed yaymichael's ghost
  2315 | D:3      | Reached XP level 5. HP: 47/47 MP: 4/4
  2412 | D:3      | Reached *** piety under Trog
  2631 | D:3      | Found a stormy altar of Qazlal.
  2632 | D:3      | Noticed an air elemental
  2632 | D:3      | Noticed a water elemental
  2632 | D:3      | Noticed a fire elemental
  3056 | D:4      | Noticed Ijyb
  3071 | D:4      | Killed Ijyb
  3071 | D:4      | Reached skill level 4 in Armour
  3071 | D:4      | Reached XP level 6. HP: 55/55 MP: 5/5
  3104 | D:4      | Reached skill level 6 in Axes
  3408 | D:4      | Found Hafaa's Magic Scroll Shop.
  3411 | D:4      | Bought a scroll of enchant armour for 75 gold pieces
  3411 | D:4      | Bought a scroll of magic mapping for 35 gold pieces
  3411 | D:4      | Bought a scroll of identify for 20 gold pieces
  3411 | D:4      | Bought a scroll of immolation for 35 gold pieces
  3439 | D:4      | Noticed Blork the orc
  3446 | D:4      | Killed Blork the orc
  3446 | D:4      | Reached skill level 5 in Fighting
  3611 | D:4      | Found a staircase to the Ecumenical Temple.
  3988 | D:5      | Entered Level 5 of the Dungeon
  4153 | D:5      | Reached skill level 4 in Dodging
  4190 | D:5      | Reached **** piety under Trog
  4239 | D:5      | Reached XP level 7. HP: 61/61 MP: 6/6
  4378 | D:5      | Reached skill level 7 in Axes
  5435 | D:6      | Reached skill level 5 in Armour
  5518 | D:6      | Reached skill level 6 in Fighting
  5539 | D:6      | Reached skill level 8 in Axes
  5539 | D:6      | Reached XP level 8. HP: 43/70 MP: 7/7
  5826 | D:6      | Reached skill level 5 in Dodging
  5876 | D:6      | Found an ornate altar of the Wu Jian Council.
  6172 | D:7      | Reached skill level 6 in Armour
  6308 | D:7      | Reached skill level 9 in Axes
  6383 | D:7      | Reached skill level 7 in Armour
  6642 | D:7      | Reached skill level 7 in Fighting
  6718 | D:7      | Noticed Pikel
  6731 | D:7      | Killed Pikel
  6731 | D:7      | Reached skill level 6 in Dodging
  6731 | D:7      | Reached XP level 9. HP: 67/79 MP: 8/8
  7263 | D:8      | Reached skill level 8 in Armour
  7413 | D:8      | Reached skill level 10 in Axes
  7460 | D:8      | Reached ***** piety under Trog
  7821 | D:8      | Reached skill level 9 in Armour
  7896 | D:8      | Reached skill level 8 in Fighting
  8663 | D:9      | Reached skill level 7 in Dodging
  8735 | D:9      | Reached XP level 10. HP: 85/88 MP: 9/9
  8792 | D:9      | Reached skill level 11 in Axes
  8813 | D:9      | Received a gift from Trog
  8873 | D:9      | HP: 22/89 [poisoned by a killer bee]
  8878 | D:9      | HP: 19/89 [poisoned by a killer bee]
  8884 | D:9      | HP: 18/89 [poisoned by a killer bee]
  8889 | D:9      | HP: 18/89 [poisoned by a killer bee]
  9522 | D:10     | Entered Level 10 of the Dungeon
  9718 | D:10     | Reached skill level 10 in Armour
  9768 | D:10     | Found Qeashroli's Distillery.
  9773 | D:10     | Bought a potion of haste for 120 gold pieces
  9773 | D:10     | Bought a potion of heal wounds for 60 gold pieces
  9773 | D:10     | Bought a potion of heal wounds for 60 gold pieces
  9773 | D:10     | Bought a potion of resistance for 120 gold pieces
  9782 | D:10     | Found a portal to a secret trove of treasure.
  9947 | D:10     | Found a staircase to the Lair.
  9967 | D:10     | HP: 33/135 [orc warrior/+0 halberd (2)]
 10482 | D:10     | Noticed an unseen horror
 10492 | D:10     | Killed an unseen horror
 10492 | D:10     | Reached skill level 9 in Fighting
 10647 | Lair:1   | Entered Level 1 of the Lair of Beasts
 10675 | Lair:1   | Reached skill level 12 in Axes
 10682 | Lair:1   | Reached skill level 8 in Dodging
 10690 | Lair:1   | HP: 21/91 [killer bee (4)]
 10694 | Lair:1   | HP: 10/91 [poisoned by a killer bee]
 10700 | D:10     | HP: 21/91 [killer bee (3)]
 10701 | D:10     | HP: 10/91 [killer bee (2)]
 10701 | D:10     | HP: 2/91 [killer bee (8)]
 10702 | D:10     | Succumbed to a killer bee's poison

Vault maps used:
D:1:      dpeg_arrival_orchard
D:2:      minitemple
D:3:      nicolae_qazlal_style_of_elements, gammafunk_ghost_arena,
          cheibrodos_sewer_entry_drain
D:4:      minmay_temple_entry_grid, serial_shops, kennysheep_mini,
          kennysheep_cross_bottleneck, grunt_ministairs_5, uniq_blork_the_orc,
          uniq_ijyb
D:5:      first_ration
D:6:      kennysheep_little_box
D:7:      uniq_pikel
D:10:     erik_lair_orcish_takeover, serial_shops, nicolae_shop_crystal,
          nicolae_trove_entry_crossroad, grunt_tengu_nest,
          minmay_misc_feat_doors
Lair:1:   special_room, uniq_sonja, uniq_fannar
Sewer:    sewer_fruit_machine

Skill      XL: |  1  2  3  4  5  6  7  8  9 10 |
---------------+-------------------------------+-----
Axes           | 4 5 6 8 9 10 12 | 12.1
Fighting       | 4 5 6 7 8 9 |  9.1
Armour         | 3 4 5 7 9 10 | 10.9
Dodging        | 3 4 6 7 8 |  8.0

Action                   |  1- 3 |  4- 6 |  7- 9 | 10-12 || total
-------------------------+-------+-------+-------+-------++-------
Melee: Hand axe          |    80 |   103 |       |       ||   183
       Headbutt          |    14 |    34 |    80 |    23 ||   151
       Mace              |       |    69 |   359 |    28 ||   456
       Great mace        |       |       |       |   118 ||   118
Invok: Berserk           |       |     4 |     6 |     3 ||    13
       Trog's Hand       |       |       |       |     1 ||     1
  Use: Scroll            |     4 |     8 |    13 |     4 ||    29
       Potion            |     2 |     1 |       |     4 ||     7
  Eat: Chunk             |     2 |    13 |    14 |     2 ||    31
       Ration            |       |       |     2 |     2 ||     4
Armor: Animal skin       |     3 |       |       |       ||     3
       Leather armour    |    13 |    37 |       |       ||    50
       Skin              |       |     5 |       |       ||     5
       Chain mail        |       |    29 |   151 |       ||   180
       Ring mail         |       |       |    74 |    58 ||   132
       Plate armour      |       |       |       |    96 ||    96
Dodge: Dodged            |    50 |    91 |   248 |   230 ||   619
Block: Other             |     5 |    20 |    44 |    12 ||    81
       Reflection        |       |       |     2 |       ||     2

Table legend:
 A = Non-vault XP
 B = Vault XP
 C = Vault XP percentage of total XP
 D = Non-vault monster count
 E = Vault monster count
 F = Vault count percentage of total count
                 A         B        C        D         E       F
            +---------+---------+-------+---------+---------+-------
      Total |    7159 |    2751 |  27.8 |     221 |      44 |  16.6
            +---------+---------+-------+---------+---------+-------
        D:1 |      40 |       0 |   0.0 |      25 |       0 |   0.0
        D:2 |      64 |       0 |   0.0 |      13 |       0 |   0.0
        D:3 |     108 |     123 |  53.2 |      29 |       7 |  19.4
        D:4 |      42 |     133 |  76.0 |       4 |       3 |  42.9
        D:5 |     494 |       0 |   0.0 |      30 |       0 |   0.0
        D:6 |     467 |       0 |   0.0 |      14 |       0 |   0.0
        D:7 |    1269 |     685 |  35.1 |      28 |       1 |   3.4
        D:8 |    1794 |       0 |   0.0 |      33 |       0 |   0.0
        D:9 |    1513 |       0 |   0.0 |      36 |       0 |   0.0
       D:10 |    1368 |     960 |  41.2 |       9 |      10 |  52.6
     Lair:1 |       0 |     828 | 100.0 |       0 |       9 | 100.0
      Sewer |       0 |      22 | 100.0 |       0 |      14 | 100.0
            +---------+---------+-------+---------+---------+-------

Vault maps used:
D:1:      dpeg_arrival_orchard
D:2:      minitemple
D:3:      nicolae_qazlal_style_of_elements, gammafunk_ghost_arena,
          cheibrodos_sewer_entry_drain
D:4:      minmay_temple_entry_grid, serial_shops, kennysheep_mini,
          kennysheep_cross_bottleneck, grunt_ministairs_5, uniq_blork_the_orc,
          uniq_ijyb
D:5:      first_ration
D:6:      kennysheep_little_box
D:7:      uniq_pikel
D:10:     erik_lair_orcish_takeover, serial_shops, nicolae_shop_crystal,
          nicolae_trove_entry_crossroad, grunt_tengu_nest,
          minmay_misc_feat_doors
Lair:1:   special_room, uniq_sonja, uniq_fannar
Sewer:    sewer_fruit_machine

Table legend:
 A = Turns spent in this place as a percentage of turns spent in the entire game.
 B = Non-inter-level travel turns spent in this place as a percentage of non-inter-level travel turns spent in the entire game.
 C = Inter-level travel turns spent in this place as a percentage of turns spent in this place.
 D = Turns resting spent in this place as a percentage of non-inter-level travel turns spent in this place.
 E = Turns spent auto-exploring this place as a percentage of non-inter-level travel turns spent in this place.
 F = Non-inter-level travel turns spent in this place divided by the number of levels of this place that you've seen.
                   A       B       C       D       E      F
               +-------+-------+-------+-------+-------+----------------------
         Total | 100.0 | 100.0 |   2.0 |  21.3 |  61.6 | 873.7
       Dungeon |  95.6 |  95.5 |   2.1 |  21.0 |  62.2 | 1001.3
          Lair |   0.4 |   0.5 |   0.0 |   0.0 |  31.2 |  48.0
         Sewer |   4.0 |   4.0 |   0.0 |  31.2 |  48.7 | 423.0
               +-------+-------+-------+-------+-------+----------------------

Table legend:
 A = Kills in this place as a percentage of kills in entire the game.
 B = Kills by you in this place as a percentage of kills by you in the entire game.
 C = Kills by friends in this place as a percentage of kills by friends in the entire game.
 D = Other kills in this place as a percentage of other kills in the entire game.
 E = Experience gained in this place as a percentage of experience gained in the entire game.
 F = Experience gained in this place divided by the number of levels of this place that you have seen.
                   A       B       C       D       E      F
               +-------+-------+-------+-------+-------+----------------------
         Total | 100.0 | 100.0 |   N/A |   N/A | 100.0 | 825.8
       Dungeon |  91.3 |  91.3 |   N/A |   N/A |  91.4 | 906.0
          Lair |   3.4 |   3.4 |   N/A |   N/A |   8.4 | 828.0
         Sewer |   5.3 |   5.3 |   N/A |   N/A |   0.2 |  22.0
               +-------+-------+-------+-------+-------+----------------------
